 Dungeon Crawl Stone Soup version 0.31-a0-358-gac0dbeb3ab (webtiles) character file.

Game seed: 12852471024176341375

51 Locuples the Trooper (level 3, -2/34 HPs)
             Began as a Minotaur Berserker on July 25, 2023.
             Was a Follower of Trog.
             Killed by nerve-wracking pain
             ... invoked by Jessica
              (4 damage)
             ... on level 2 of the Dungeon.
             The game lasted 00:01:44 (1137 turns).

Locuples the Trooper (Minotaur Berserker)           Turns: 1137, Time: 00:01:46

Health: -2/34      AC:  2    Str: 23    XL:     3   Next: 57%
Magic:  2/2        EV:  9    Int:  4    God:    Trog [*.....]
Gold:   46         SH: 10    Dex:  9    Spells: 2/2 levels left

rFire   . . .        a - +0 hand axe
rCold   . . .        f - +0 tower shield
rNeg    . . .        b - +0 animal skin
rPois   .            (helmet restricted)
rElec   .            (no cloak)
rCorr   .            (no gloves)
SInv    .            (no boots)
Will    .....        (no amulet)
Stlth   +            (no ring)
HPRegen 0.25/turn    (no ring)
MPRegen 0.08/turn

%: no passive effects
@: on berserk cooldown, slowed, very slow
A: horns 2, retaliatory headbutt
a: Renounce Religion, Berserk


You were on level 2 of the Dungeon.
You worshipped Trog.
Trog was aware of your devotion.
You visited 1 branch of the dungeon, and saw 2 of its levels.

You collected 46 gold pieces.

Inventory:

Hand Weapons
 a - a +0 hand axe (weapon)
Armour
 b - a +0 animal skin (worn)
 f - a +0 tower shield (worn)
Jewellery
 i - an amulet of magic regeneration
Scrolls
 c - a scroll of blinking {unknown}
 d - a scroll of identify {unknown}
 g - a scroll of fog {unknown}
 j - a scroll of fear {unknown}
Potions
 e - a potion of heal wounds {unknown}
 h - a potion of attraction {unknown}
 k - 2 potions of magic {unknown}
 l - a potion of curing {unknown}


   Skills:
 * Level 4.7 Fighting
 + Level 4.3 Axes
 + Level 2.5 Armour
 + Level 2.5 Dodging
 + Level 0.5 Shields


You had 2 spell levels left.
You didn't know any spells.
Your spell library was empty.

Dungeon Overview and Level Annotations

Branches:
Dungeon (2/15)

Altars:

Annotations:
D:2 Jessica


Innate Abilities, Weirdness & Mutations

You have a pair of horns on your head.
You reflexively headbutt those who attack you in melee.


Message History

You kill the hobgoblin!
Trog accepts your kill. The adder barely misses you.
Jessica gestures wildly while chanting.
Jessica blinks!
You feel a strong urge to attack something.
The adder closely misses you. You furiously retaliate!
You headbutt the adder!!
You kill the adder!
Trog accepts your kill. You block the endoplasm's attack.
You slash the endoplasm!
You kill the endoplasm!
Trog accepts your kill.
Jessica zaps a wand.
The puff of flame misses you.
You feel a strong urge to attack something.
You see here a +0 dagger.
You hit Jessica.
Jessica is severely wounded.
Jessica mumbles some strange words.
Jessica blinks!
Jessica zaps a wand.
The puff of flame hits you.
You feel a strong urge to attack something.
You are no longer berserk.
You are exhausted.
You feel yourself slow down.
Jessica mumbles some strange words.
Jessica seems to speed up.
Jessica casts a spell.
Jessica blinks!
Jessica shouts, "I don't like beings like you!"
Jessica gestures at you while chanting. Pain shoots through your body!
Jessica hits you with a +0 club.
* * * LOW HITPOINT WARNING * * *
You barely miss Jessica.
Jessica is severely wounded.
Jessica zaps a wand.
The puff of flame hits you.
* * * LOW HITPOINT WARNING * * *
Jessica casts a spell at you. Pain shoots through your body!
You die...

.♣..'...'..........>:..#
.####...###########.##.#
♣# #...# ##.†..# # #...#
###.).### #...#
#...#.#.# #####
######.#..)..#
.........#.#.#
##.........#
#...@#.....#
#...!.@#.#####
#........# ..........#
.#####.##.# .. ..# ...
### ###


You could see Jessica (fast).

Vanquished Creatures
  3 adders (D:2)
  2 bats
  3 endoplasms
  A giant cockroach (D:2)
  2 goblins
  A hobgoblin (D:2)
  4 jackals (D:1)
  2 ball pythons (D:1)
  2 frilled lizards (D:1)
  2 kobolds
  A rat (D:1)
23 creatures vanquished.

Notes
Turn   | Place    | Note
-------+----------+-------------------------------------------
     0 | D:1      | Locuples the Minotaur Berserker began the quest for the
                  | Orb.
     0 | D:1      | Reached XP level 1. HP: 19/19 MP: 0/0
   196 | D:1      | Reached XP level 2. HP: 25/27 MP: 1/1
   809 | D:1      | Found a faded altar of an unknown god.
  1075 | D:2      | Reached XP level 3. HP: 30/34 MP: 2/2
  1120 | D:2      | Noticed Jessica
  1137 | D:2      | Killed from afar by Jessica

Illustrated notes

Levels and vault maps discovered:
D:1:      matt_arrival_los_fun, layout_basic, basic_ecumenical_altar
D:2:      minmay_wonky_spiral, layout_basic, serial_forest,
          infiniplex_forest_lined_corner, infiniplex_forest_lined_ring,
          infiniplex_forest_clump_long, infiniplex_forest_lined_3_way,
          infiniplex_forest_clump_large, infiniplex_forest_lined_room_3,
          infiniplex_forest_clump_C, uniq_jessica

Skill      XL: |  1  2 |
---------------+-------+-----
Fighting       | 4 |  4.7
Axes           | 4 |  4.3
Armour         | |  2.5
Dodging        | |  2.5
Shields        | |  0.5

Action                     || total
---------------------------++-------
  Melee: Hand axe          ||    57
         Headbutt          ||     2
 Invoke: Berserk           ||     1
 Armour: Animal skin       ||    21
  Dodge: Dodged            ||    39
  Block: Tower shield      ||    34

Table legend: (Time is in decaauts)
 A = Elapsed time spent in this place.
 B = Non-inter-level travel time spent in this place.
 C = Inter-level travel time spent in this place.
 D = Time resting spent in this place.
 E = Time spent auto-exploring this place.
 F = Levels seen in this place.
 G = Mean time per level.
                   A        B        C        D        E       F      G
               +--------+--------+--------+--------+--------+-----+--------+
         Total |   1153 |   1142 |     11 |    168 |    759 |   2 |  576.5 |
       Dungeon |   1153 |   1142 |     11 |    168 |    759 |   2 |  576.5 |
               +--------+--------+--------+--------+--------+-----+--------+

Top non-repeatable levels by time:
     D:1: 919 daAuts
     D:2: 234 daAuts
